 Dungeon Crawl Stone Soup version 0.30-b1-2-g02819fbbbe (webtiles) character file.

Game seed: 2333566144830789453

217 raph the Sneak (level 5, -1/24 HPs)
             Began as a Spriggan Enchanter on Jan 9, 2024.
             Was an Initiate of Dithmenos.
             Blown up by Ijyb (9 damage)
             ... with a mindburst bolt
             ... on level 3 of the Dungeon.
             The game lasted 00:04:41 (2779 turns).

raph the Sneak (Spriggan Enchanter)                 Turns: 2779, Time: 00:04:41

Health: -1/24      AC:  3    Str:  4    XL:     5   Next: 61%
Magic:  3/11       EV: 18    Int: 17    God:    Dithmenos [......]
Gold:   77         SH:  0    Dex: 17    Spells: 0/11 levels left

rFire   . . .        e - +4 dagger
rCold   . . .        (no shield)
rNeg    . . .        b - +1 robe
rPois   .            (helmet restricted)
rElec   .            (no cloak)
rCorr   .            (gloves unavailable)
SInv    +            (boots unavailable)
Will    .....        (no amulet)
Stlth   +++          (no ring)
HPRegen 0.24/turn    (no ring)
MPRegen 0.12/turn

%: no passive effects
@: confusing by touch, very slightly contaminated, very quick
A: very small, no large weapons, unfitting armour, see invisible, speed 3
a: Renounce Religion


You were on level 3 of the Dungeon.
You worshipped Dithmenos.
Dithmenos was noncommittal.
You visited 1 branch of the dungeon, and saw 3 of its levels.

You collected 77 gold pieces.

Inventory:

Hand Weapons
 a - a +2 dagger
 e - a +4 dagger (weapon)
 h - a +2 dagger of draining
Missiles
 i - 9 poisoned darts (quivered)
Armour
 b - a +1 robe (worn)
Jewellery
 k - a ring of fire
Wands
 o - a wand of charming (12)
Scrolls
 d - a scroll of teleportation
 f - a scroll of magic mapping
Potions
 c - 2 potions of invisibility
 g - 2 potions of ambrosia
 j - a potion of heal wounds {unknown}
 m - 2 potions of flight {unknown}
 n - 2 potions of degeneration {unknown}


   Skills:
 + Level 2.2 Short Blades
 + Level 3.8 Dodging
 * Level 6.5 Stealth
 + Level 3.6 Spellcasting
 * Level 5.2 Hexes


You couldn't memorise any spells.
You knew the following spells:

 Your Spells              Type           Power      Damage    Failure   Level
a - Ensorcelled Hibernat  Hex/Ice        22%        N/A       9%          2
b - Confusing Touch       Hex            20%        N/A       6%          3
c - Tukima's Dance        Hex            20%        N/A       6%          3
d - Dazzling Flash        Conj/Hex       22%        N/A       17%         3

Your spell library contained the following spells:

 Spells                   Type           Power      Damage    Failure   Level


Dungeon Overview and Level Annotations

Branches:
Dungeon (3/15)

Altars:
Dithmenos
Elyvilon
Fedhas

Annotations:
D:3 Ijyb


Innate Abilities, Weirdness & Mutations

You are very small and have problems with some larger weapons.
You are too small for most types of armour.
You have supernaturally acute eyesight. (SInv)
You cover ground extremely quickly. (Speed+++)


Message History

The helpless kobold fails to defend itself.
You impale the kobold!!
You kill the kobold!
Dithmenos accepts your kill.
Your life force feels restored.
i - 9 poisoned darts (gained 5)
Things that are here:
a +2 dagger of draining; a kobold corpse
h - a +2 dagger of draining You start resting.
HP restored.
Magic restored.
Ijyb the Twisted Goblin comes into view.
She is wielding a +0 dagger and carrying a wand of mindburst (9).
Found a stone staircase leading down.
Ijyb shouts!
Ijyb zaps a wand.
You resist with significant effort.
Found 13 gold pieces.
Found a white marble altar of Elyvilon.
Casting: Ensorcelled Hibernation (safe; 9% risk of failure)
Confirm with . or Enter, or press ? or * to list all spells.
Aiming: Ensorcelled Hibernation (safe; 9% risk of failure)
Press: ? - help, Shift-Dir - straight line, f - Ijyb
Aim: Ijyb, wielding a +0 dagger, wearing a +0 leather armour and carrying a wand of mindburst (8) (chance to affect: 53%)
You miscast Ensorcelled Hibernation.
You are very lightly contaminated with residual magic.
Nothing appears to happen.
Casting: Ensorcelled Hibernation (safe; 9% risk of failure)
Confirm with . or Enter, or press ? or * to list all spells.
Your hands begin to glow red.
Ijyb barely misses you.
You miss Ijyb.
Ijyb zaps a wand.
Your mind is blasted!
Ouch! That really hurt!
Casting: Confusing Touch (quite dangerous; 6% risk of failure)
Confirm with . or Enter, or press ? or * to list all spells.
Aiming: Tukima's Dance (quite dangerous; 6% risk of failure)
Press: ? - help, Shift-Dir - straight line, f/p - Ijyb
Aim: Ijyb, wielding a +0 dagger, wearing a +0 leather armour and carrying a wand of mindburst (7) (chance to confuse on hit: 62%, chance to affect: 62%)
The +0 dagger dances into the air!
Ijyb barely misses you.
You barely miss Ijyb. Ijyb closely misses you.
You barely miss Ijyb.
Ijyb zaps a wand.
Your mind is blasted!
You die...

* *,#~~...###.....†.......... *
*,#~≈.......###.###....#### *
*****.#≈,...####............# # *
*,,,,.!≈.,#.###.....####....###
***,***.#~≈.#.......#~#≈≈≈##...##
,,,,,,,>≈≈..........#≈≈≈≈≈~#.....
*******#≈...##.###.##≈≈#≈#≈##....
,,,,,,*#≈.,,#....#.#≈≈≈≈≈≈≈≈≈.##.
*****,*#*,,,#...@..~≈#≈≈≈≈≈≈#.##.
*,,,,......(g#.~#≈≈≈≈#≈##....
*****,,*.....#......#~~#≈≈≈≈..###
,,,,,,,,............~##≈≈###.....
*****,,*.⌠.⌠!#......,.#~##....###
* *,,,......................##.
*****,,*.....#.$..........##.....
**,,,,,,,._.......###.####*####..
,,,,,,,*,,,,,*,******,* ##.


You could see Ijyb (ally target) and a friendly +0 dagger.

Vanquished Creatures
  2 orc priests (D:3)
  Natasha (thrice) (D:2)
  A gnoll (D:1)
  2 adders
  2 worms (D:2)
  4 orcs (D:3)
  6 endoplasms
  A giant cockroach (D:1)
  3 goblins
  4 hobgoblins
  3 quokkas (D:3)
  6 ball pythons
  A bat (D:1)
  3 frilled lizards
  5 kobolds
  8 rats
54 creatures vanquished.

Vanquished Creatures (others)
  3 fungi (D:3)
  A plant (D:3)
4 creatures vanquished.

Grand Total: 58 creatures vanquished

Notes
Turn   | Place    | Note
-------+----------+-------------------------------------------
     0 | D:1      | raph the Spriggan Enchanter began the quest for the Orb.
     0 | D:1      | Reached XP level 1. HP: 9/9 MP: 5/5
   234 | D:1      | Reached XP level 2. HP: 13/13 MP: 6/6
   468 | D:1      | Learned a level 2 spell: Ensorcelled Hibernation
   478 | D:1      | Found Qakunoz's Antique Armour Boutique.
   539 | D:1      | Reached skill level 5 in Stealth
   751 | D:2      | Noticed Natasha
   754 | D:2      | Killed Natasha
   755 | D:2      | Reached XP level 3. HP: 16/16 MP: 8/8
   775 | D:2      | Learned a level 3 spell: Confusing Touch
   779 | D:2      | Learned a level 3 spell: Tukima's Dance
  1186 | D:2      | Reached XP level 4. HP: 21/21 MP: 9/9
  1300 | D:2      | Noticed Natasha
  1318 | D:2      | Killed Natasha
  1380 | D:2      | Found a blossoming altar of Fedhas.
  1807 | D:2      | Noticed Natasha
  1814 | D:2      | Killed Natasha
  1815 | D:2      | Reached skill level 6 in Stealth
  2182 | D:3      | Reached XP level 5. HP: 24/24 MP: 8/11
  2224 | D:3      | Reached skill level 5 in Hexes
  2599 | D:3      | Found a shadowy altar of Dithmenos.
  2618 | D:3      | Identified the +5 ring mail of Daisies {Rampage rElec
                  | Regen+}
  2632 | D:3      | Became a worshipper of Dithmenos the Shadowed
  2664 | D:3      | Learned a level 3 spell: Dazzling Flash
  2770 | D:3      | Noticed Ijyb
  2773 | D:3      | Found a white marble altar of Elyvilon.
  2779 | D:3      | Blown up by Ijyb

Illustrated notes

Levels and vault maps discovered:
D:1:      dpeg_arrival_shelter, layout_basic, serial_shops,
          nicolae_shop_getting_attention
D:2:      layout_basic, basic_altar, mrwooster_statue_mirror,
          grunt_decor_junction, minivault_23, uniq_natasha
D:3:      wander_river, layout_basic, mainiacjoe_overflow_boulevard,
          elyvilon_altar_5, minivault_4, palyth_stone_intersect,
          chequers_serial_rivers_small_a, minmay_goblin_outpost, uniq_ijyb

Skill      XL: |  1  2  3  4  5 |
---------------+----------------+-----
Stealth        | 5 6 |  6.5
Dodging        | 3 |  3.8
Spellcasting   | 3 |  3.6
Hexes          | 4 5 |  5.2
Short Blades   | 2 |  2.2

Action                     |  1- 3 |  4- 6 || total
---------------------------+-------+-------++-------
  Melee: Dagger            |    76 |    63 ||   139
   Cast: Ensorcelled Hiber |     9 |     9 ||    18
         Confusing Touch   |     1 |     3 ||     4
         Tukima's Dance    |       |     1 ||     1
    Use: Scroll            |       |     7 ||     7
   Stab: Sleeping          |     9 |    17 ||    26
         Confused          |     1 |     1 ||     2
 Armour: Robe              |     5 |     5 ||    10
  Dodge: Dodged            |    40 |    33 ||    73
